 Seeded DCSS version 0.30.0-15-g856e2d3f33 (webtiles) character file.

Game seed: 12735965570273765983 (custom seed)

252 Pimp the Ducker (level 6, 0/47 HPs)
             Began as a Merfolk Gladiator on May 19, 2023.
             Slain by a gnoll
             ... wielding a +0 club
             ... led by a gnoll bouda
              (7 damage)
             ... on level 5 of the Dungeon.
             The game lasted 00:08:21 (3095 turns).

Pimp the Ducker (Merfolk Gladiator)                 Turns: 3095, Time: 00:08:22

Health: 0/47       AC: 10    Str: 16    XL:     6   Next: 13%
Magic:  6/6        EV:  7    Int:  7    God:
Gold:   211        SH: 12    Dex: 16    Spells: 5/5 levels left

rFire   . . .        f - +8 demon blade "Leech" {evervamp, Harm Drain rN+}
rCold   . . .        g - +0 tower shield
rNeg    + . .        q - +0 scale mail
rPois   .            c - +0 helmet
rElec   .            (no cloak)
rCorr   .            m - +1 pair of gloves
SInv    .            r - +0 pair of boots
Will    .....        (no amulet) Stlth
                     (no ring)
HPRegen 0.27/turn    (no ring)
MPRegen 0.10/turn

%: harm (+30% outgoing, +20% incoming)
@: no status effects
A: (nimble swimmer 2), mertail
a: no special abilities


You were on level 5 of the Dungeon.
You visited 1 branch of the dungeon, and saw 5 of its levels.

You collected 211 gold pieces.

Inventory:

Hand Weapons
 a - a +0 trident
 f - the +8 demon blade "Leech" (weapon) {evervamp, Harm Drain rN+}
   (You acquired it on level 1 of the Dungeon)

   rN:        It protects you from negative energy.
   Drain:     It drains your maximum health when unequipped.
   Harm:      It increases damage dealt and taken.
Missiles
 d - 3 throwing nets (quivered)
 e - 3 javelins
Armour
 b - a +0 leather armour
 c - a +0 helmet (worn)
 g - a +0 tower shield (worn)
 m - a +1 pair of gloves (worn)
 q - a +0 scale mail (worn)
 r - a +0 pair of boots (worn)
Magical Staves
 j - the staff of cold "Ladic" {rElec rC+ rN+ Will+ Int+2}
   (You acquired it on level 1 of the Dungeon)

   [staff of cold]

   Base accuracy: +5 Base damage: 5 Base attack delay: 1.2 This weapon's minimum
   attack delay (0.6) is reached at skill level 12.
   Int:       It affects your intelligence (+2).
   rC:        It protects you from cold.
   rElec:     It insulates you from electricity.
   rN:        It protects you from negative energy.
   Will:      It increases your willpower.
   It falls into the 'Staves' category.
   It is a one-handed weapon.
Jewellery
 s - a ring of positive energy
Wands
 A - a wand of iceblast (8)
Scrolls
 l - a scroll of vulnerability
 n - a scroll of teleportation {unknown}
 o - 2 scrolls of blinking {unknown}
 p - a scroll of noise {unknown}
 t - a scroll of brand weapon {unknown}
 u - a scroll of immolation {unknown}
 x - a scroll of enchant armour {unknown}
 y - a scroll of enchant weapon {unknown}
 z - a scroll of fear {unknown}
 B - 2 scrolls of identify
 C - a scroll of silence {unknown}
 F - a scroll of poison {unknown}
Potions
 h - 2 potions of degeneration {unknown}
 i - 2 potions of haste {unknown}
 k - a potion of magic {unknown}
 v - 2 potions of curing
 w - a potion of mutation {unknown}
 D - a potion of berserk rage {unknown}
 E - a potion of lignification {unknown}


   Skills:
 + Level 3.6 Fighting
 * Level 3.2 Long Blades
 - Level 4.4 Polearms
 + Level 3.3 Throwing
 + Level 5.2 Dodging
 * Level 1.2 Shields


You had 5 spell levels left.
You didn't know any spells.
Your spell library contained the following spells:

 Spells                   Type           Power      Damage    Failure   Level
 Summon Small Mammal      Summ           0%         N/A       100%        1
 Lesser Beckoning         Tloc           0%         N/A       100%        2
 Call Canine Familiar     Summ           0%         N/A       100%        3
 Gell's Gravitas          Tloc           0%         N/A       100%        3
 Summon Guardian Golem    Hex/Summ       0%         N/A       100%        3
 Teleport Other           Tloc           0%         N/A       100%        3


Dungeon Overview and Level Annotations

Branches:
Dungeon (5/15)
 Temple: D:4-7

Altars:
Dithmenos
Fedhas
Hepliaklqana
Qazlal
Uskayaw
Vehumet
Wu Jian
Yredelemnul


Innate Abilities, Weirdness & Mutations

((You are very nimble when in or above water. (Stealth+, EV+, Speed+++)))
Your lower body shifts to a powerful aquatic tail in water.


Message History

You completely miss the gnoll. The gnoll barely misses you.
The gnoll hits you with a +0 club. x2
The gnoll bouda gazes fiercely through you!
You feel your attacks grow feeble.
You barely miss the gnoll. The gnoll hits you with a +0 club.
The gnoll completely misses you.
The gnoll hits you but does no damage. x2
The gnoll hits you from afar with a +2 halberd of freezing.
The gnoll freezes you. You block the gnoll's attack. x2
You hit the gnoll.
You feel better.
The gnoll is heavily wounded.
The gnoll hits you but does no damage. You block the gnoll's attack.
The gnoll hits you with a +0 club.
You hit the gnoll.
You feel better.
The gnoll is almost dead.
Your attacks no longer feel as feeble.
The gnoll hits you but does no damage. The gnoll barely misses you.
The gnoll closely misses you.
The gnoll bouda hits you with a +0 whip!
The gnoll barely misses you.
The gnoll hits you from afar with a +2 halberd of freezing.
The gnoll freezes you. The gnoll completely misses you.
The gnoll bouda hits you with a +0 whip.
You hit the gnoll.
You feel better.
You kill the gnoll!
You block the gnoll's attack. x2
The gnoll bouda hits you but does no damage.
You block the gnoll's attack. The gnoll hits you with a +0 club.
The gnoll hits you from afar with a +2 halberd of freezing.
The gnoll freezes you.
* * * LOW HITPOINT WARNING * * *
Found a stone staircase leading down.
The gnoll bouda attacks as you move away!
The gnoll bouda hits you with a +0 whip.
* * * LOW HITPOINT WARNING * * *
You hit the gnoll bouda.
You feel better.
The gnoll bouda is moderately wounded.
The gnoll bouda hits you with a +0 whip!
* * * LOW HITPOINT WARNING * * *
The gnoll bouda closely misses you. The gnoll hits you with a +0 club.
You die...

#########.. #
#.g........
#.#gg@.....>.
#.#g############
#.).............
####.............#
.........8.8.8....#
######............#
... #............#
.....
##.....!.#...##.....
#.....)_#...........


You could see a gnoll bouda and 3 gnolls.

Vanquished Creatures
  A hound (D:5)
  A sleepcap (D:5)
  Jessica (D:3)
  Terence (D:2)
  3 adders
  A gnoll (D:5)
  A worm (D:2)
  A dart slug (D:3)
  14 orcs
  8 ball pythons
  2 bats
  4 endoplasms
  2 giant cockroaches
  8 goblins
  6 hobgoblins
  7 jackals
  7 quokkas
  4 frilled lizards
  6 kobolds
  5 rats
83 creatures vanquished.

Notes
Turn   | Place    | Note
-------+----------+-------------------------------------------
     0 | D:1      | Pimp the Merfolk Gladiator began the quest for the Orb.
     0 | D:1      | Reached XP level 1. HP: 16/16 MP: 1/1
   124 | D:1      | Reached XP level 2. HP: 22/23 MP: 2/2
   467 | D:1      | Reached XP level 3. HP: 24/28 MP: 3/3
   813 | D:1      | Identified 2 scrolls of acquirement
   813 | D:1      | Acquired the staff of cold "Ladic" {rElec rC+ rN+ Will+
                  | Int+2}
   815 | D:1      | Acquired the +8 demon blade "Leech" {evervamp, Harm Drain
                  | rN+}
   815 | D:1      | Found the +8 demon blade "Leech" {evervamp, Harm Drain rN+}
   953 | D:2      | Reached skill level 1 in Long Blades
   970 | D:2      | Reached XP level 4. HP: 34/34 MP: 4/4
  1255 | D:2      | Found a stormy altar of Qazlal.
  1266 | D:2      | Noticed Terence
  1273 | D:2      | Killed Terence
  1571 | D:3      | Noticed Jessica
  1573 | D:3      | Killed Jessica
  1574 | D:3      | Reached XP level 5. HP: 41/41 MP: 5/5
  1671 | D:3      | Reached skill level 5 in Dodging
  2294 | D:4      | Found a shadowy altar of Dithmenos.
  2330 | D:4      | Found a blossoming altar of Fedhas.
  2409 | D:4      | Found a radiant altar of Vehumet.
  2476 | D:4      | Found a hazy altar of Hepliaklqana.
  2595 | D:4      | Found a basalt altar of Yredelemnul.
  2874 | D:5      | Entered Level 5 of the Dungeon
  2939 | D:5      | Reached skill level 1 in Shields
  2939 | D:5      | Reached XP level 6. HP: 24/47 MP: 6/6
  3033 | D:5      | Found an ornate altar of the Wu Jian Council.
  3070 | D:5      | Found a hide-covered altar of Uskayaw.
  3095 | D:5      | Slain by a gnoll

Illustrated notes

Levels and vault maps discovered:
D:1:      dpeg_arrival_long_road, layout_loops_cross, hex_tiny
D:2:      minmay_evil_eye, layout_basic, basic_altar, minmay_ruptured,
          uniq_terence
D:3:      layout_loops_ring, minmay_surrounded, uniq_jessica
D:4:      layout_cave_pools, mainiacjoe_overflow_brackets,
          mainiacjoe_overflow_24_doors, mainiacjoe_overflow_catwalk, minitemple
D:5:      layout_basic, eat_drink_and_be_merry_uskayaw, kennysheep_little_box,
          minmay_temple_entry_glassed_door, gammafunk_ghost_smash, minivault_25

Skill      XL: |  1  2  3  4  5 |
---------------+----------------+-----
Long Blades    | 1 2 3 |  3.2
Fighting       | 3 |  3.6
Throwing       | 3 |  3.3
Dodging        | 5 |  5.2
Shields        | 1 |  1.2
Polearms       | |  4.4

Action                     |  1- 3 |  4- 6 || total
---------------------------+-------+-------++-------
  Melee: Trident           |    79 |       ||    79
         Punch             |     1 |       ||     1
         Demon blade       |    26 |   101 ||   127
    Use: Scroll            |     2 |     2 ||     4
   Stab: Sleeping          |     4 |       ||     4
 Armour: Leather armour    |    34 |     7 ||    41
         Scale mail        |       |    59 ||    59
  Dodge: Dodged            |    64 |    65 ||   129
  Block: Tower shield      |       |    50 ||    50
